 Dungeon Crawl Stone Soup version 0.23-a0-639-ga9a3373 (webtiles) character file.

5304 Leeroy the Carver (level 10, -2/73 HPs)
             Began as a White Draconian Skald on Dec 28, 2018.
             Was a Priest of Okawaru.
             Slain by a hell hog (10 damage)
             ... in a volcano on Dec 29, 2018.
             The game lasted 00:40:34 (10582 turns).

Leeroy the Carver (White Draconian Skald)          Turns: 10582, Time: 00:40:35

Health: -2/73      AC: 10    Str: 13    XL:     10   Next: 37%
Magic:  2/13       EV: 24    Int: 17    God:    Okawaru [***...]
Gold:   408        SH:  5    Dex: 11    Spells: 4/13 levels left

rFire    + . .     SeeInvis .   M - +3 whip (freeze)
rCold    + + .     Gourm    .   S - +0 buckler
rNeg     . . .     Faith    .   (armour unavailable)
rPois    +         Spirit   .   (helmet restricted)
rElec    +         Reflect  .   b - +0 cloak
rCorr    +         Harm     .   n - +1 pair of gloves
MR       .....                  (no boots)
Stlth    +++.......             W - amulet of regeneration
HPRegen  0.62/turn              g - ring of poison resistance
MPRegen  0.13/turn              h - +6 ring of evasion

@: resistant, heroism, very slightly contaminated
A: breathe frost, unfitting armour, cold resistance 1, cold-blooded, AC +7
a: Breathe Frost, Heroism, Renounce Religion


You were in a volcano.
You worshipped Okawaru.
Okawaru was most pleased with you.
You were not hungry.

You visited 3 branches of the dungeon, and saw 10 of its levels.
You also visited: Volcano.

You collected 408 gold pieces.

Inventory:

Hand Weapons
 a - a +0 falchion
 e - a +1 flail of holy wrath
 u - a +4 shortbow
 B - a +0 hand axe of electrocution
 L - a +4 quarterstaff of chaos
 M - a +3 whip of freezing (weapon)
 P - a +0 arbalest
 R - a +0 whip of flaming
 T - a +0 dagger of venom
 X - a +1 whip of draining
 Y - a +2 whip of pain
Missiles
 f - 231 stones
 k - 8 poisoned needles
 m - 206 arrows
 x - 44 bolts
 G - 59 sling bullets
 H - 7 javelins (quivered)
 Z - 2 tomahawks
Armour
 b - a +0 cloak (worn)
 n - a +1 pair of gloves (worn)
 E - a scarf of cloud immunity
 S - a +0 buckler (worn)
Jewellery
 d - a +4 ring of strength
 g - a ring of poison resistance (left hand)
 h - a +6 ring of evasion (right hand)
 r - an uncursed ring of positive energy
 W - an amulet of regeneration (around neck)
Wands
 y - a wand of digging (2)
 A - a wand of paralysis (15)
 F - a wand of flame (20)
 Q - a wand of acid (10)
 U - a wand of random effects (21)
 V - a wand of polymorph (13)
Scrolls
 i - a scroll of enchant armour
 j - a scroll of identify
 l - 5 scrolls of remove curse
 o - a scroll of magic mapping
 w - 2 scrolls of fog
 z - a scroll of amnesia
 K - 3 scrolls of teleportation
Potions
 p - a potion of agility
 s - a potion of degeneration {unknown}
 t - 2 potions of lignification
 v - 2 potions of mutation
 C - a potion of flight
Comestibles
 c - 13 rations


   Skills:
 - Level 2.1(7.1) Fighting
 * Level 12.3(17.3) Long Blades
 - Level 6.2(11.2) Dodging
 * Level 1.6(6.6) Shields
 - Level 2.0 Spellcasting
 + Level 3.2 Hexes
 - Level 2.6 Charms
 - Level 4.0 Ice Magic
 * Level 3.6 Invocations


You had 4 spell levels left.
You knew the following spells:

 Your Spells              Type           Power        Failure   Level  Hunger
a - Infusion              Chrm           ##..         6%          1    #......
b - Spectral Weapon       Hex/Chrm       ##......     17%         3    ###....
c - Regeneration          Chrm/Necr      #.........   32%         3    ###....
d - Ensorcelled Hibernat  Hex/Ice        ##....       7%          2    ###....

Your spell library contained the following spells:

 Spells                   Type           Power        Failure   Level  Hunger
 Corona                   Hex            ##.....      5%          1    #......
 Song of Slaying          Chrm           ##......     10%         2    ###....
 Ozocubu's Armour         Chrm/Ice       ##......     14%         3    ###....
 Confuse                  Hex            ##......     16%         3    ###....
 Tukima's Dance           Hex            ##......     16%         3    ###....
 Shroud of Golubria       Chrm/Tloc      #.........   17%         2    ###....
 Swiftness                Chrm/Air       #.......     17%         2    ###....
 Dazzling Spray           Conj/Hex       #.....       30%         3    ###....
 Summon Ice Beast         Ice/Summ       #.......     63%         4    #####..
 Simulacrum               Ice/Necr       #.........   100%        6    #######


Dungeon Overview and Level Annotations

Branches:
Dungeon (8/15)             Temple (1/1) D:6            Lair (1/6) D:8

Altars:
Ashenzari
Cheibriados
Dithmenos
Elyvilon
Fedhas
Gozag
Hepliaklqana
Kikubaaqudgha
Makhleb
Nemelex Xobeh
Okawaru
Qazlal
Ru
Sif Muna
Trog
Uskayaw
Vehumet
Wu Jian
Xom
Yredelemnul
Zin
The Shining One

Shops:
D:4 [


Innate Abilities, Weirdness & Mutations

You can breathe waves of freezing cold.
You can buffet flying creatures when you breathe cold.
Your icy white scales are hard. (AC +7)
You cannot fit into any form of body armour.
Your flesh is cold resistant. (rC+)
You are cold-blooded and may be slowed by cold attacks.


Message History

You feel like a meek peon again. The hell hog closely misses you.
You gain the combat prowess of a mighty hero.
The hell hog bites you.
* * * LOW HITPOINT WARNING * * *
The hell hog misses you.
You hit the hell hog. You freeze the hell hog.
The hell hog is moderately wounded.
You float gracefully downwards.
The hell hog bites you but does no damage.
You resist elements.
You possess the skills of a mighty hero.
You are very lightly contaminated with residual magic.
Expiring: You are regenerating.
Your movement speed is average.
Your attack speed is above average.
You hit the hell hog. You freeze the hell hog.
The hell hog is heavily wounded.
Your skin stops crawling.
The hell hog bites you!
You die...

≈≈ ○○≈§ §§ #######
+.....+ .8_8. .D. #D#
#h# #@# #.# #.# ≈≈ #.#
≈≈≈ #.# .≈≈§
####+########.≈≈§
§§....§.......≈≈§§
§§§≈≈§§S≈§≈§≈≈≈≈§≈ °
≈§≈≈≈§≈§§≈≈≈≈§§≈≈§≈≈§≈


You could see a hell hog and 2 steam dragons.

Vanquished Creatures
  Pikel (D:7)
  2 spiny frogs (Lair:1)
  A centaur skeleton (D:8)
  A komodo dragon (D:8)
  A troll (D:8)
  A hippogriff (D:8)
  2 fire bats (Volcano)
  Grum (D:8)
  3 phantoms
  A sky beast (D:8)
  2 black bears (D:8)
  3 ice beasts
  2 centaurs
  4 wolves (D:8)
  3 ogres
  2 big kobolds (D:8)
  4 bullfrogs
  A scorpion (D:5)
  A howler monkey (D:4)
  2 hounds
  6 orc wizards
  Crazy Yiuf (D:5)
  6 orc priests
  2 bullfrog skeletons
  An iguana (D:7)
  4 worker ants
  A hound zombie (D:8)
  A hound skeleton (D:8)
  7 gnolls
  12 adders
  A shadow imp (D:5)
  An ooze (D:4)
  2 adder skeletons
  3 worms
  2 dart slugs
  6 leopard geckos
  25 orcs
  A ball python (D:3)
  4 giant cockroaches
  5 goblins
  8 hobgoblins
  4 jackals
  13 kobolds
  2 quokkas
  11 bats
  4 frilled lizards
  A leopard gecko skeleton (D:4)
  4 rats
176 creatures vanquished.

Vanquished Creatures (others)
  A slave (D:8)
  6 plants
  4 spectral weapons (D:8)
11 creatures vanquished.

Grand Total: 187 creatures vanquished

Notes
Turn   | Place    | Note
-------+----------+-------------------------------------------
     0 | D:1      | Leeroy the Draconian Skald began the quest for the Orb.
     0 | D:1      | Reached XP level 1. HP: 17/17 MP: 3/3
   151 | D:1      | Reached XP level 2. HP: 17/24 MP: 5/5
   209 | D:1      | Reached skill level 3 in Long Blades
  1002 | D:1      | Reached XP level 3. HP: 24/29 MP: 6/6
  1241 | D:2      | Learned a level 3 spell: Spectral Weapon
  1777 | D:2      | Reached skill level 4 in Long Blades
  2226 | D:3      | Reached XP level 4. HP: 36/36 MP: 7/7
  2908 | D:4      | Reached skill level 5 in Long Blades
  2952 | D:4      | Reached XP level 5. HP: 22/41 MP: 8/8
  3097 | D:4      | Learned a level 3 spell: Regeneration
  3156 | D:4      | Found Hysy's Armour Emporium.
  3223 | D:4      | Reached skill level 6 in Long Blades
  3353 | D:4      | Reached XP level 6. HP: 36/48 MP: 6/9
  3383 | D:4      | Learned a level 2 spell: Ensorcelled Hibernation
  3443 | D:4      | Reached skill level 1 in Hexes
  4030 | D:4      | Reached skill level 7 in Long Blades
  4030 | D:4      | Your scales start taking on an icy white colour.
  4030 | D:4      | Reached XP level 7. HP: 32/55 MP: 10/10
  4030 | D:4      | Gained mutation: Your flesh is cold resistant. (rC+) [White
                  | Draconian growth]
  4324 | D:5      | Entered Level 5 of the Dungeon
  4635 | D:5      | Reached skill level 1 in Ice Magic
  4669 | D:5      | Found a runed door.
  4673 | D:5      | Noticed Crazy Yiuf
  4773 | D:5      | Killed Crazy Yiuf
  5066 | D:5      | Reached skill level 8 in Long Blades
  5434 | D:5      | Reached XP level 8. HP: 61/61 MP: 6/11
  5442 | D:5      | Found a hide-covered altar of Uskayaw.
  6273 | D:6      | Found a staircase to the Ecumenical Temple.
  6289 | Temple   | Entered the Ecumenical Temple
  6424 | Temple   | Became a worshipper of Warmaster Okawaru
  6479 | D:6      | Found a stormy altar of Qazlal.
  6484 | D:6      | Found an opulent altar of Gozag.
  6485 | D:6      | Found a bloodstained altar of Trog.
  6486 | D:6      | Found a sacrificial altar of Ru.
  6488 | D:6      | Found a hazy altar of Hepliaklqana.
  6544 | D:6      | Reached skill level 9 in Long Blades
  6564 | D:6      | Found a blossoming altar of Fedhas.
  7328 | D:6      | You fall through a shaft!
  7469 | D:7      | Found a blossoming altar of Fedhas.
  7899 | D:7      | Noticed Pikel
  7983 | D:7      | Killed Pikel
  7983 | D:7      | Reached * piety under Okawaru
  7983 | D:7      | Reached skill level 10 in Long Blades
  7983 | D:7      | Reached XP level 9. HP: 20/67 MP: 4/12
  8287 | D:8      | Reached skill level 5 in Dodging
  8334 | D:8      | Upgraded the game from 0.23-a0-636-g0ff6057 to
                  | 0.23-a0-639-ga9a3373
  8530 | D:8      | Reached ** piety under Okawaru
  8530 | D:8      | Reached skill level 11 in Long Blades
  8530 | D:8      | Reached skill level 1 in Invocations
  8672 | D:8      | Found a staircase to the Lair.
  8673 | D:8      | Noticed a komodo dragon
  8716 | D:8      | Killed a komodo dragon
  9020 | D:8      | Noticed Grum
  9167 | D:8      | Reached XP level 10. HP: 69/73 MP: 13/13
  9276 | D:8      | Identified the Incunabulum of Success
  9866 | D:8      | Killed Grum
 10179 | Lair:1   | Entered Level 1 of the Lair of Beasts
 10232 | Lair:1   | Noticed a spiny frog
 10246 | Lair:1   | Killed a spiny frog
 10246 | Lair:1   | Reached *** piety under Okawaru
 10246 | Lair:1   | Reached skill level 12 in Long Blades
 10246 | Lair:1   | Reached skill level 1 in Shields
 10271 | Lair:1   | Noticed a spiny frog
 10289 | Lair:1   | Killed a spiny frog
 10297 | Lair:1   | Found a dark tunnel.
 10340 | Volcano  | Entered a volcano
 10543 | Volcano  | Found a burning altar of Makhleb.
 10543 | Volcano  | Noticed a hell hog
 10582 | Volcano  | Slain by a hell hog

Vault maps used:
D:1:      saegor_arrival_simple_b, st_stairs_4, moated_statue
D:4:      first_ration, serial_shops, kennysheep_mini, kennysheep_generic_room_7
D:5:      basic_altar, hangedman_decor_slide_cut, grunt_ministairs_9,
          uniq_crazy_yiuf_cottage
D:6:      minmay_chambers_of_threes, marbit_many_paths, minitemple,
          minmay_temple_entry_proselytizer
D:7:      fedhas_altar_decomposition, uniq_pikel
D:8:      david_lair_shrubbed, uniq_grum
Temple:   nicolae_temple_elliptical
Lair:1:   nicolae_volcano_entry_s_turn, serial_bayou_shore_b,
          grunt_megastairs_3, uniq_gastronok
Volcano:  volcano_lake

Skill      XL: |  1  2  3  4  5  6  7  8  9 10 |
---------------+-------------------------------+-----
Long Blades    | 3 4 5 6 7 8 10 11 12 | 12.3
Hexes          | 1 2 3 |  3.2
Dodging        | 3 4 6 |  6.2
Ice Magic      | 1 3 4 |  4.0
Invocations    | 2 3 |  3.6
Shields        | 1 |  1.6
Fighting       | |  2.1
Spellcasting   | |  2.0
Charms         | |  2.6

Action                   |  1- 3 |  4- 6 |  7- 9 | 10-12 || total
-------------------------+-------+-------+-------+-------++-------
Melee: Falchion          |    94 |   193 |   496 |    90 ||   873
       Tailslap          |     8 |    31 |    69 |    11 ||   119
       Hand axe          |       |       |     5 |       ||     5
       Whip              |       |       |     1 |    23 ||    24
       Flail             |       |       |     1 |       ||     1
Throw: Stone             |       |     2 |     6 |     1 ||     9
       Javelin           |       |       |       |     1 ||     1
 Cast: Spectral Weapon   |     1 |     8 |    22 |     4 ||    35
       Infusion          |     1 |       |       |       ||     1
       Ensorcelled Hiber |       |     1 |    25 |    10 ||    36
       Regeneration      |       |       |     3 |     1 ||     4
Invok: Heroism           |       |       |     1 |     2 ||     3
 Abil: Breathe Frost     |       |       |     3 |       ||     3
  Use: Potion            |       |     1 |     4 |     8 ||    13
       Scroll            |       |     3 |    13 |     3 ||    19
 Stab: Distracted        |       |     1 |     2 |       ||     3
       Sleeping          |       |       |     5 |     2 ||     7
  Eat: Chunk             |     4 |     6 |    18 |     4 ||    32
       Ration            |       |       |     2 |     1 ||     3
Armor: Skin              |    31 |    63 |   116 |    29 ||   239
Dodge: Dodged            |    79 |   121 |   506 |   147 ||   853
Block: Buckler           |       |       |       |    14 ||    14
       Rpst.: Falchion   |    29 |    35 |   145 |    25 ||   234

Table legend:
 A = Non-vault XP
 B = Vault XP
 C = Vault XP percentage of total XP
 D = Non-vault monster count
 E = Vault monster count
 F = Vault count percentage of total count
                 A         B        C        D         E       F
            +---------+---------+-------+---------+---------+-------
      Total |    5102 |    2476 |  32.7 |     154 |      22 |  12.5
            +---------+---------+-------+---------+---------+-------
        D:1 |      44 |       4 |   8.3 |      23 |       3 |  11.5
        D:2 |      32 |       0 |   0.0 |       7 |       0 |   0.0
        D:3 |      75 |       0 |   0.0 |      22 |       0 |   0.0
        D:4 |     589 |      14 |   2.3 |      22 |       1 |   4.3
        D:5 |     632 |     168 |  21.0 |      13 |       2 |  13.3
        D:6 |     328 |     287 |  46.7 |       9 |       7 |  43.8
        D:7 |     268 |     663 |  71.2 |      14 |       1 |   6.7
        D:8 |    2232 |     984 |  30.6 |      41 |       6 |  12.8
     Lair:1 |     902 |       0 |   0.0 |       3 |       0 |   0.0
    Volcano |       0 |     356 | 100.0 |       0 |       2 | 100.0
            +---------+---------+-------+---------+---------+-------
